[Event "53rd Mar Del Plata Open 2024"]
[Site "Mar Del Plata"]
[Date "2024.03.28"]
[Round "6.3"]
[White "Kiselev, Vitalii"]
[Black "Coro, Lucas"]
[Result "0-1"]
[ECO "B06"]
[WhiteElo "2519"]
[BlackElo "2316"]
[Annotator "TA"]
[PlyCount "94"]
[EventDate "2024.03.23"]
[EventType "swiss"]
[EventCountry "ARG"]
[SourceTitle "playchess.com"]
[Source "ChessBase"]
[SourceQuality "1"]
[TimeControl "5400+30"]

1. e4 g6 2. d4 Bg7 3. Nc3 d6 4. Be3 a6 5. h4 h5 6. Nh3 {[%emt 0:06:51] B06: Modern Defence.} Bxh3 7. Rxh3 Nd7 8. Qd2 {[%emt 0:02:34] The old main line.} Ngf6 9. f3 c6 10. a3 b5 11. Be2 Qc8 12. Rd1 $146 ({Predecessor:} 12. Rh1 a5 13. Nd1 Qb7 14. Nf2 c5 15. dxc5 Nxc5 16. Nd3 Ne6 17. Nf4 Nxf4 18. Bxf4 {1-0 Jakubowska,A (2085)-Leskiewicz,I (2138) Ustron op-B 2021 (4)}) 12... c5 13. Kf1 O-O 14. d5 Re8 15. Rh1 Rb8 16. b3 Qc7 17. Bh6 ({White should play} 17. g3 $11) 17... Bh8 (17... Bxh6 $15 18. Qxh6 Qa5) 18. g3 Rec8 19. Kg2 Ne5 20. Bf4 Nfd7 21. Be3 b4 22. Nb1 c4 23. axb4 Qb7 24. Rc1 Qxb4 25. Qxb4 Rxb4 26. Nd2 c3 27. Nf1 a5 28. Ra1 Ra8 29. Bg5 f6 30. Bf4 a4 31. Ne3 Nc5 32. bxa4 Raxa4 33. Rxa4 Rxa4 34. Kf2 Ra2 35. Bxe5 fxe5 36. Bc4 Rb2 37. Ra1 Bg7 38. Ra2 (38. Ra3 $11) 38... Nd3+ $1 $17 39. Kg2 {[%emt 0:00:27] [#]} (39. Kg1 $17 Nb4 40. Ra3) 39... Nb4 $1 $19 40. Ra8+ {[%emt 0:00:28] [#]} Kf7 $1 41. Bb3 $2 (41. Kh3 {was worth a try.}) 41... Bh6 $19 42. Rb8 (42. f4 $142 exf4 43. gxf4 Bxf4 44. Kf3 Bxe3 45. Kxe3 Nxc2+ 46. Bxc2 Rxc2 47. Kd3) 42... Rxb3 $19 43. cxb3 Bxe3 (43... c2 44. Nxc2 Nxc2 45. b4 $11) 44. Rxb4 c2 45. Rc4 c1=Q ({Weaker is} 45... c1=B 46. Rc8 $11) 46. Rxc1 Bxc1 47. g4 Ke8 0-1

[Event "53rd Mar Del Plata Open 2024"]
[Site "Mar Del Plata"]
[Date "2024.03.28"]
[Round "6.4"]
[White "Villegas, Franco"]
[Black "Menna Barreto, Felipe Kubiaki"]
[Result "1-0"]
[ECO "C41"]
[WhiteElo "2328"]
[BlackElo "2273"]
[Annotator "RC"]
[PlyCount "77"]
[EventDate "2024.03.23"]
[EventType "swiss"]
[EventCountry "ARG"]
[SourceTitle "playchess.com"]
[Source "ChessBase"]
[SourceQuality "1"]
[TimeControl "5400+30"]

1. e4 d6 2. d4 Nf6 3. Nc3 e5 4. Nf3 Nbd7 5. Bc4 Be7 6. O-O O-O 7. Re1 c6 8. a4 b6 9. Ba2 a6 10. h3 Rb8 11. Qe2 b5 12. axb5 axb5 13. b4 Qc7 14. Be3 Nb6 15. Bb3 h6 16. Ra2 Re8 17. Rea1 Bf8 18. d5 Bd7 19. Qd3 Na4 20. dxc6 Bxc6 21. Bxa4 bxa4 22. b5 Bb7 23. b6 Qc6 24. Nd2 Rec8 25. Nb5 Ba6 26. c4 Bxb5 27. cxb5 Qc3 28. Qxc3 Rxc3 29. Rxa4 d5 30. Ra8 Rcc8 31. b7 Re8 32. exd5 Rxb7 33. Rxe8 Nxe8 34. b6 f5 35. f3 Nf6 36. Ra8 Nd7 37. Nc4 Kh7 38. Ra7 Nc5 39. d6 1-0

[Event "53rd Mar Del Plata Open 2024"]
[Site "Mar Del Plata"]
[Date "2024.03.28"]
[Round "6.5"]
[White "Espinoza Palomino, Willyam"]
[Black "Marey, Mauro"]
[Result "1-0"]
[ECO "C12"]
[WhiteElo "2400"]
[BlackElo "2057"]
[Annotator "TA"]
[PlyCount "57"]
[EventDate "2024.03.23"]
[EventType "swiss"]
[EventCountry "ARG"]
[SourceTitle "playchess.com"]
[Source "ChessBase"]
[SourceQuality "1"]
[TimeControl "5400+30"]

1. e4 e6 2. d4 d5 3. Nc3 Nf6 4. Bg5 Bb4 5. e5 h6 6. Bd2 Bxc3 7. bxc3 Ne4 8. Qg4 g6 9. Bd3 Nxd2 10. Kxd2 c5 11. h4 c4 {[%emt 0:00:56][%cal Oh6h5] [#] Hoping for ...h5!} 12. Be2 Bd7 (12... Nc6 $11) 13. Qf4 {[%emt 0:01:38] White is more active.} ({Better is} 13. h5 $14 g5 14. Nh3) 13... Bc6 {[%emt 0:01:39] Black has an edge.} 14. Qe3 Nd7 15. Nh3 Qe7 16. h5 g5 17. f4 f6 18. fxg5 fxe5 ({Black should play} 18... fxg5 $11 19. Nf2 O-O-O) 19. dxe5 $14 (19. gxh6 exd4 20. cxd4 e5 $16) 19... O-O-O 20. Nf4 (20. Qxa7 Nc5 $15) (20. gxh6 $14 d4 21. cxd4 (21. Qxd4 Nxe5 22. Rhd1 Rxd4+ 23. cxd4 Qb4+ 24. c3 Qb2+ 25. Ke1 Qxc3+ 26. Rd2 Qxa1+ $19)) 20... Nc5 $1 $11 {[%emt 0:05:48] ...Ne4+ would now be deadly.} 21. Bf3 {[%emt 0:15:32] [#]} (21. gxh6 $11 {and White stays safe.} Ne4+ 22. Ke1) 21... d4 $2 (21... hxg5 $2 22. Ng6 Ne4+ 23. Bxe4 dxe4+ 24. Ke2 $18) (21... Ne4+ $1 $19 22. Ke2 Ng3+ (22... Qxg5 23. Nxe6 Ng3+ 24. Kd2 $11) 23. Kf2 Nxh1+ 24. Rxh1 Qxg5 (24... hxg5 25. Ng6 $16)) 22. cxd4 $16 Rxd4+ 23. Ke2 (23. Qxd4 $6 Rd8 $14) 23... Bxf3+ $2 {[%emt 0:00:22][%mdl 8192] Loses the game.} (23... Rhd8 $16 24. Rhd1 (24. gxh6 Ne4 $16) 24... Rxd1 25. Rxd1 Rxd1 26. Kxd1 Qxg5) 24. gxf3 $18 (24. Kxf3 $2 Rxf4+ (24... Re4 $2 25. Qd2 $19) 25. Qxf4 Rf8 $19 (25... hxg5 $2 26. Qd4 $18) (25... hxg5 $2 26. Qd4 $18)) 24... Rhd8 25. Rad1 ({Weaker is} 25. gxh6 Rd2+ 26. Kf1 (26. Qxd2 $2 {is the wrong capture.} Rxd2+ 27. Kxd2 Qg5 $19) 26... b6 $18) 25... Rxd1 26. Rxd1 Rxd1 27. Kxd1 hxg5 28. Ng6 Qd8+ (28... Qd7+ 29. Ke2 Na4) 29. Qd2 {[%emt 0:19:21] Weighted Error Value: White=0.32/Black=0.75.  Loses game:     	White=1     	Black=1      Missed win:     	---       	Black=1      Mistake:       	White=2     	Black=3      Inaccurate:     	White=1     	---        OK:         	White=5     	Black=2      Best:        	White=1     	---        Strong:       	---       	Black=1} 1-0

[Event "53rd Mar Del Plata Open 2024"]
[Site "Mar Del Plata"]
[Date "2024.03.28"]
[Round "6.6"]
[White "Villordo, Matias"]
[Black "Villarreal, Agustin"]
[Result "0-1"]
[ECO "C45"]
[WhiteElo "2041"]
[BlackElo "2285"]
[Annotator "RC"]
[PlyCount "76"]
[EventDate "2024.03.23"]
[EventType "swiss"]
[EventCountry "ARG"]
[SourceTitle "playchess.com"]
[Source "ChessBase"]
[SourceQuality "1"]
[TimeControl "5400+30"]

1. e4 e5 2. Nf3 Nc6 3. d4 exd4 4. Nxd4 Nf6 5. Nxc6 bxc6 6. Bd3 d5 7. exd5 cxd5 8. O-O Be7 9. c4 O-O 10. cxd5 Bb7 11. Bc4 Nxd5 12. Qb3 Nb6 13. Be2 Bd6 14. Nd2 Bd5 15. Qh3 Be6 16. Bg4 f5 17. Bf3 Rb8 18. Nb3 Qf6 19. Bc6 f4 20. Qf3 Nc4 21. Bd5 Ne5 22. Qe4 Rb4 23. Bxe6+ Qxe6 24. Nd4 Qf6 25. Qd5+ Kh8 26. Nf3 Qf7 27. Qd1 Nxf3+ 28. Qxf3 Qg6 29. Re1 Rd4 30. h3 h5 31. b3 Rd3 32. Qe4 Qxe4 33. Rxe4 Rd1+ 34. Kh2 f3+ 35. g3 Rf1 36. Rh4 Rxf2+ 37. Kh1 Rf1+ 38. Kh2 f2 0-1

[Event "53rd Mar Del Plata Open 2024"]
[Site "Mar Del Plata"]
[Date "2024.03.28"]
[Round "6.7"]
[White "Petti, Luca Giovanni"]
[Black "Marrujo Pardo, Mauricio Emmanuel"]
[Result "1-0"]
[ECO "C55"]
[WhiteElo "2057"]
[BlackElo "2337"]
[Annotator "RC"]
[PlyCount "99"]
[EventDate "2024.03.23"]
[EventType "swiss"]
[EventCountry "ARG"]
[SourceTitle "playchess.com"]
[Source "ChessBase"]
[SourceQuality "1"]
[TimeControl "5400+30"]

1. e4 e5 2. Nf3 Nc6 3. Bc4 Nf6 4. d3 h6 5. c3 d6 6. O-O g5 7. Re1 Bg7 8. d4 Bd7 9. dxe5 dxe5 10. Nbd2 O-O 11. Nf1 Bg4 12. Qe2 Ne8 13. Ne3 Bh5 14. Nf5 Nd6 15. Rd1 Qf6 16. Nxd6 cxd6 17. Bd5 Rfc8 18. a4 Rc7 19. h3 Nd8 20. g4 Bg6 21. a5 a6 22. Be3 Ne6 23. Ra4 Nf4 24. Bxf4 gxf4 25. Rb4 Rb8 26. Rb6 Bf8 27. Qc2 Kh8 28. Qb3 h5 29. g5 Qd8 30. Bxb7 Rbxb7 31. Rxb7 Bxe4 32. Rxc7 Bxf3 33. Rxf7 Qxg5+ 34. Kf1 Qg2+ 35. Ke1 Qg1+ 36. Kd2 Qxf2+ 37. Kc1 Qe3+ 38. Kb1 Bg7 39. Rxd6 Be4+ 40. Ka2 Qc5 41. Rh6+ Bxh6 42. Qb8+ Bf8 43. Rxf8+ Kg7 44. Rg8+ Kf6 45. Qd8+ Ke6 46. Re8+ Kf7 47. Qd7+ Kf6 48. Re6+ Kg5 49. Qd8+ Kf5 50. Qf6# 1-0

[Event "53rd Mar Del Plata Open 2024"]
[Site "Mar Del Plata"]
[Date "2024.03.28"]
[Round "6.8"]
[White "Tovillas, Daniel R."]
[Black "Acosta, Pablo Ismael"]
[Result "0-1"]
[ECO "A08"]
[WhiteElo "2083"]
[BlackElo "2463"]
[Annotator "TA"]
[PlyCount "82"]
[EventDate "2024.03.23"]
[EventType "swiss"]
[EventCountry "ARG"]
[SourceTitle "playchess.com"]
[Source "ChessBase"]
[SourceQuality "1"]
[TimeControl "5400+30"]

1. b3 Nf6 2. Bb2 c5 3. g3 d5 4. Bg2 Nc6 5. Nf3 Bg4 6. d4 Bxf3 7. Bxf3 cxd4 8. Bxd4 {[%emt 0:00:00] Black is slightly better.} e5 9. Be3 Be7 10. O-O O-O 11. Bc1 Bc5 12. Bg2 e4 13. c3 Ng4 14. h3 Nge5 15. Na3 f5 16. Nc2 Ng6 17. Nd4 Bxd4 18. cxd4 f4 19. gxf4 (19. Bxf4 $1 $11 Nxf4 20. gxf4) 19... Nh4 $17 (19... Nxf4 20. Bxf4 Rxf4 21. e3 $11) 20. Kh1 Nxg2 21. Kxg2 Qh4 (21... Ne7 $17 22. Kh2 Qd7) 22. Rg1 Rf6 {[%emt 0:01:16][%mdl 1024] [#] Hoping for ...Rg6+. Black has strong compensation. Black has more active pieces.} 23. Be3 Rh6 24. Rh1 Ne7 (24... Rg6+ 25. Kh2 Rh6 26. Kg2 $17) 25. b4 {[%emt 0:00:35] White is weak on the light squares} (25. Rc1 $15) 25... Rc8 (25... Rf8 $17 26. Rh2 Ng6 (26... Rg6+ 27. Kh1 $17)) 26. Rc1 $1 $11 Rxc1 27. Qxc1 Rc6 28. Qd1 Qh5 29. b5 Rc4 (29... Rg6+ $6 30. Kf1 $14) 30. Kh2 Nf5 31. Qd2 Qe8 (31... h6 {looks sharper.} 32. Rc1 Nh4 33. Kg3 Ra4) 32. Rb1 ({White should play} 32. Qa5 $1 $11) 32... b6 $36 {[%emt 0:00:05][%mdl 2048] Black has some pressure.} 33. Rb4 Rc7 34. a4 Qc8 {[%emt 0:00:54] White must now prevent ...Rc2.} 35. Qa2 Rc4 36. Qb1 {[%emt 0:01:15] [#]} (36. Bd2 $11 {keeps the balance.}) 36... h6 ({Better is} 36... Rxb4 $1 $17 37. Qxb4 Qc4) 37. Kg2 $2 {[%emt 0:01:06][%mdl 8192] This costs White the game.} (37. Rxc4 $11 Qxc4 38. Qg1) 37... Rc3 $19 38. Qa2 Qe6 39. Kh2 Nxe3 40. Rb3 Nf1+ 41. Kg1 Qxh3 {[%emt 0:23:44] Weighted Error Value: White=0.61/Black=0.23 (precise) .  Loses game:     	White=1     	---        Mistake:       	White=4     	Black=3      Inaccurate:     	White=4     	Black=3      OK:         	White=10    	Black=14     Best:        	---       	Black=1      Strong:       	White=1     	---} ({Not} 41... Rxh3 42. Rxh3 Qg4+ (42... Qxh3 43. Qxd5+ Kf8 44. Qd6+ Kf7 45. Qd5+ Kf6 46. Qc6+ Kf7 47. Qd5+ Kf6 48. Qc6+ Kf7 49. Qd5+ $11) 43. Kxf1 $11) 0-1

[Event "53rd Mar Del Plata Open 2024"]
[Site "Mar Del Plata"]
[Date "2024.03.28"]
[Round "6.9"]
[White "Schnaider, Ilan"]
[Black "Spata, German"]
[Result "1/2-1/2"]
[ECO "E04"]
[WhiteElo "2314"]
[BlackElo "2421"]
[Annotator "RC"]
[PlyCount "68"]
[EventDate "2024.03.23"]
[EventType "swiss"]
[EventCountry "ARG"]
[SourceTitle "playchess.com"]
[Source "ChessBase"]
[SourceQuality "1"]
[TimeControl "5400+30"]

1. d4 Nf6 2. Nf3 e6 3. c4 d5 4. g3 dxc4 5. Bg2 c5 6. O-O Nc6 7. Ne5 Nxe5 8. dxe5 Nd5 9. Na3 b6 10. Nxc4 Bb7 11. Qb3 Be7 12. Rd1 Qc7 13. a3 Qc6 14. e4 Nc7 15. Nd6+ Bxd6 16. Rxd6 Qb5 17. Qd1 O-O 18. Bf1 Qe8 19. Qg4 Kh8 20. Bg5 Nb5 21. Rd2 Nd4 22. Rad1 Qc6 23. Bg2 Qc7 24. Be3 Rad8 25. Qh5 Kg8 26. h3 Nb5 27. a4 Rxd2 28. Rxd2 Nd4 29. Bxd4 cxd4 30. Rxd4 Qc1+ 31. Qd1 Qxb2 32. Rd8 g6 33. Rxf8+ Kxf8 34. Qd8+ Kg7 1/2-1/2

[Event "53rd Mar Del Plata Open 2024"]
[Site "Mar Del Plata"]
[Date "2024.03.28"]
[Round "6.10"]
[White "Moreno Perez, Tobias Sebastian"]
[Black "Tristan, Leonardo"]
[Result "0-1"]
[ECO "A09"]
[WhiteElo "2246"]
[BlackElo "2521"]
[Annotator "TA"]
[PlyCount "100"]
[EventDate "2024.03.23"]
[EventType "swiss"]
[EventCountry "ARG"]
[SourceTitle "playchess.com"]
[Source "ChessBase"]
[SourceQuality "1"]
[TimeControl "5400+30"]

1. Nf3 d5 2. c4 d4 3. b4 Bg4 4. d3 Bxf3 5. exf3 e6 6. a3 a5 7. bxa5 Rxa5 8. Be2 {[%emt 0:07:52] The position is equal.} Bb4+ 9. Nd2 {[%emt 0:03:48][%cal Bb1d2,Bd2b3,Bb3c5][%mdl 32] White is weak on the dark squares} Nc6 10. O-O {[%emt 0:05:02] Black should prevent Nb3.} Bd6 {[%emt 0:00:48][%cal Od6h2] ( -> ...Bxh2+!)} 11. h3 Qa8 12. Nb3 Ra6 13. f4 Bxa3 14. Bf3 {[%emt 0:04:41] And now Bxa3 would win.} Nge7 15. Rb1 (15. Bxc6+ $11 Nxc6 16. f5) 15... O-O $15 16. Bxa3 Rxa3 17. Nc5 Qa7 18. Rb5 b6 19. Nb3 Qa4 20. Qd2 Rxb3 ({Black should play} 20... Ra2 $17 21. Qe1 Qa3) 21. Bd1 $1 {[%emt 0:00:09] [#]} Na5 22. Bxb3 $11 Nxb3 23. Qb2 Nc5 24. Ra1 Nxd3 $1 25. Rxa4 Nxb2 26. Rxb2 {[%emt 0:00:07][%mdl 4096] Endgame. KRR-KRN} Nc6 (26... g6 $11) 27. Rba2 (27. Ra6 $16) 27... d3 (27... h6 $11) 28. Ra8 (28. R2a3 $16) 28... Nb4 (28... e5 $11) 29. Rxf8+ Kxf8 $16 {[%emt 0:00:00] KR-KN} 30. Rb2 Nc2 31. Kf1 Na3 32. Rd2 (32. c5 $14) 32... Nxc4 $11 33. Rxd3 Ke7 {[%emt 0:00:20] Dodges Rd7+} 34. Ke2 b5 35. Rb3 c6 36. Rb1 Kd6 37. Ra1 {[%emt 0:00:11] Hoping for Ra7.} Kd5 38. Rd1+ Kc5 39. Rd7 Nd6 40. Kd3 h5 41. g3 Kd5 42. Kc3 c5 43. f3 Kc6 44. Ra7 $2 (44. Rd8 $11 {and White is okay.}) 44... b4+ $19 45. Kb3 (45. Kb2 $142) 45... Kb5 46. Rd7 c4+ 47. Kb2 Kc6 48. Ra7 Nb5 49. Rxf7 (49. Ra8 b3 50. Rc8+ Kd5 51. g4) 49... c3+ 50. Kc1 b3 {[%emt 0:00:00] Weighted Error Value: White=0.52/Black=0.17 (very precise) .  Loses game:     	White=1     	---        Mistake:       	White=6     	Black=5      Inaccurate:     	White=5     	Black=2      OK:         	White=13    	Black=16     Best:        	White=4     	Black=6      Strong:       	White=1     	Black=1} 0-1

[Event "53rd Mar Del Plata Open 2024"]
[Site "Mar Del Plata"]
[Date "2024.03.28"]
[Round "7.1"]
[White "Felgaer, Ruben"]
[Black "Christiansen, Johan-Sebastian"]
[Result "1/2-1/2"]
[ECO "C13"]
[WhiteElo "2565"]
[BlackElo "2633"]
[Annotator "TA"]
[PlyCount "45"]
[EventDate "2024.03.23"]
[EventType "swiss"]
[EventCountry "ARG"]
[SourceTitle "playchess.com"]
[Source "ChessBase"]
[SourceQuality "1"]
[TimeControl "5400+30"]

1. e4 e6 2. d4 d5 3. Nc3 Nf6 4. Bg5 dxe4 5. Nxe4 Be7 6. Bxf6 gxf6 7. Qd2 Nd7 8. O-O-O f5 9. Ng3 Nf6 {[%emt 0:06:58] Gegen Nh5 gerichtet. Die Stellung ist ausgeglichen.} 10. Nf3 h5 11. h4 c6 12. Kb1 Qc7 13. Ng5 b5 14. Be2 (14. c4 $5) 14... Bb7 15. Bf3 Ng4 ({Besser ist} 15... Rd8 $14) 16. Rhe1 $16 {[%emt 0:05:03][%cal Oe1e6] Rxe6! ist eine echte Drohung.} Qd6 17. Re2 {[%emt 0:09:04][%cal Og3f5] Droht stark Nxf5!} Kf8 $2 {[%emt 0:04:30] [#]} (17... Nxf2 $2 18. Nxf5 (18. Rxf2 Qxg3 19. Rh1 Bf6 $11) 18... exf5 19. Rde1 $18 (19. Rxf2 Rd8 $18)) (17... Rd8 $16 {war angesagt.}) 18. Rde1 (18. d5 $142 $1 cxd5 (18... exd5 $2 19. Nxf5 Bxg5 20. hxg5 $18) 19. Rde1 Bxg5 20. hxg5) 18... Bxg5 $18 19. Qxg5 {[%emt 0:01:41] Zielt auf Bxg4 ab.} Qd8 20. Qf4 {[%emt 0:02:25] Weiß hat aktiveres Spiel.} (20. Nxh5 Qxg5 (20... Qxd4 $2 21. Rd2 $18) 21. hxg5 Rxh5 $19) 20... Qb8 21. Qg5 {[%emt 0:07:55][%cal Oe2e6] Schwarz muss nun Rxe6! beachten.} Qd8 22. Qf4 (22. Nxh5 $2 {ist das falsche Schlagen.} Qxg5 (22... Qxd4 $2 {verliert.} 23. Rxe6 fxe6 24. Bxg4 $18) 23. hxg5 Rxh5 $19) 22... Qb8 $1 23. Qg5 {[%emt 0:02:25] Gewichteter Fehlerwert: Weiß=0.35/Schwarz=0.25 (präzise) .  Verlustzug:     	---       	Schwarz=1     Fehler:       	Weiß=2     	Schwarz=1     Ungenau:       	Weiß=1     	Schwarz=2     OK:         	Weiß=4     	Schwarz=4     Bester:       	Weiß=1     	Schwarz=3     Stark:        	---       	Schwarz=1} ({Günstiger ist} 23. Re5 $16) 1/2-1/2

[Event "53rd Mar Del Plata Open 2024"]
[Site "Mar Del Plata"]
[Date "2024.03.29"]
[Round "7.2"]
[White "Tristan, Leonardo"]
[Black "Villegas, Franco"]
[Result "1-0"]
[ECO "D36"]
[WhiteElo "2521"]
[BlackElo "2328"]
[Annotator "TA"]
[PlyCount "71"]
[EventDate "2024.03.23"]
[EventType "swiss"]
[EventCountry "ARG"]
[SourceTitle "playchess.com"]
[Source "ChessBase"]
[SourceQuality "1"]
[TimeControl "5400+30"]

1. d4 Nf6 2. c4 e6 3. Nc3 d5 4. cxd5 exd5 5. Bg5 c6 6. e3 Be7 7. Bd3 O-O 8. Qc2 Nbd7 9. Nf3 Re8 10. O-O Nf8 11. h3 g6 12. Rab1 Ne6 13. Bxf6 Bxf6 14. b4 a6 15. a4 Ng7 (15... a5 $15) 16. b5 $14 {[%emt 0:03:14] White is slightly better.} axb5 17. axb5 Ra3 18. bxc6 bxc6 19. Rb8 Qa5 20. Nb5 Rxd3 {[%emt 0:01:00] [#]} (20... cxb5 $142 21. Rxc8 b4 (21... Rxd3 $2 22. Rxe8+ Nxe8 23. Qxd3 $18)) 21. Nd6 $1 $16 Rd8 (21... Rf8 $16) 22. Rxc8 $2 ({White has to play} 22. Qxd3 $18 Ba6 23. Qb3 (23. Rxd8+ Bxd8 24. Qc2 Bxf1 $17) 23... Bxf1 24. Qb7 (24. Kxf1 Be7 $11) 24... Rxb8 25. Qxf7+ (25. Qxb8+ Qd8 $16) 25... Kh8 26. Qxf6) 22... Rxc8 23. Nxc8 {[%emt 0:01:30] A dynamic duo of knights.} Rc3 24. Qb2 {[%emt 0:00:00] Black must now prevent Nd6.} c5 $2 (24... Nf5 $14) 25. Ra1 Rb3 (25... Qb4 $2 26. Ra8 Kf8 27. Qa2 cxd4 28. Qxd5 (28. Nb6+ Ne8 $16) 28... Rc1+ 29. Kh2 $18) 26. Rxa5 ({Not} 26. Qxb3 Qxa1+ 27. Kh2 Qa8 $15 (27... cxd4 $2 {loses.} 28. Qb8 $18)) 26... Rxb2 27. Ra8 Ne6 28. Ne7+ Kg7 29. Rg8+ ({But not} 29. Nxd5 $6 cxd4 30. Nxf6 Kxf6 $14) 29... Kh6 30. Nxd5 Bg7 31. dxc5 ({White should play} 31. h4 $18 {Threatens to win with g4.} cxd4 32. g4) 31... Rb1+ (31... Rc2 $16 {was called for.}) 32. Kh2 $18 Rd1 $2 (32... Rb5 33. e4 Rxc5) 33. Nf4 {[%emt 0:00:14] White is clearly winning.} Nxc5 34. g4 f6 (34... Bf6 $142 35. h4 Ne4 36. g5+ Nxg5 37. hxg5+ Bxg5 38. Nxg5 Kxg5) 35. h4 {[%emt 0:00:21] White threatens g5+ and mate.} g5 {[%emt 0:00:00] [#]} 36. Nd4 $1 {[%emt 0:01:25] Weighted Error Value: White=0.27 (precise) /Black=0.69.  Loses game:     	---       	Black=2      Missed win:     	White=1     	---        Mistake:       	White=1     	Black=5      Inaccurate:     	White=1     	Black=1      OK:         	White=7     	Black=5      Best:        	White=4     	Black=3      Strong:       	White=1     	---} 1-0

[Event "53rd Mar Del Plata Open 2024"]
[Site "Mar Del Plata"]
[Date "2024.03.29"]
[Round "7.3"]
[White "Acosta, Pablo Ismael"]
[Black "Needleman, Alejandro"]
[Result "1-0"]
[ECO "E65"]
[WhiteElo "2463"]
[BlackElo "2215"]
[Annotator "TA"]
[PlyCount "75"]
[EventDate "2024.03.23"]
[EventType "swiss"]
[EventCountry "ARG"]
[SourceTitle "playchess.com"]
[Source "ChessBase"]
[SourceQuality "1"]
[TimeControl "5400+30"]

1. Nf3 Nf6 2. c4 c5 3. g3 g6 4. Bg2 Bg7 5. Nc3 O-O 6. d4 cxd4 7. Nxd4 Nc6 8. O-O d6 9. Nxc6 bxc6 10. Qa4 Bd7 11. c5 dxc5 (11... d5 $11) 12. Be3 $14 {[%emt 0:15:37] White is slightly better.} Nd5 13. Bxc5 Qc8 14. Rac1 (14. Bxa7 $2 Nxc3 15. bxc3 Qc7 $19) 14... Qb7 15. Rfd1 Rfc8 16. Bd4 Bxd4 17. Qxd4 (17. Rxd4 Qxb2 18. Qc2 Rab8 19. Bxd5 cxd5 20. Qxb2 Rxb2 21. Rxd5 Bh3 $15) 17... Nxc3 18. Qxc3 (18. bxc3 Be6 $11) 18... Be6 {[%emt 0:01:47] Black is weak on the dark squares} 19. a3 (19. Bxc6 $16 Qb6 20. b4) 19... Bd5 20. e4 Be6 21. h4 h5 22. Rd2 Qb6 23. e5 Rab8 (23... Rd8 $11) 24. b4 $1 $16 (24. Bxc6 Qa6 25. b4 Rb6 $17) 24... Qa6 25. Qe3 (25. Bxc6 Rb6 26. b5 Rxb5 27. Bxb5 Rxc3 28. Bxa6 Rxc1+ 29. Kh2 Rc5 30. Rd8+ Kg7 $17) 25... Qa4 (25... Qb6 $16) 26. Rc5 $18 Qa6 27. Be4 Kg7 {[%emt 0:01:58] Against Qh6+} 28. Qc3 {[%emt 0:02:26] White is much more active.} Rd8 29. Rxc6 Qa4 30. Kh2 ({Better is} 30. Rxd8 $16 Rxd8 31. Kg2) 30... Rxd2 $11 31. Qxd2 {[%emt 0:03:57] Hoping for Qc3.} Qxa3 32. Rxe6 Qxb4 (32... fxe6 33. Qg5 Qxb4 34. Qxg6+ Kf8 35. Qh6+ Ke8 36. Qxe6 (36. Qxh5+ Kd7 $16)) 33. Qg5 {[%emt 0:00:12][%cal Re6g6] [#] White wants to mate with Rxg6+!} Qxe4 34. Qxe7 {[%emt 0:00:31][%cal Oe6f6] Black must now prevent Rf6!} Qa8 $2 (34... Qf3 $11 35. Rf6 (35. Qxa7 {is a self mate.} Rb1) 35... Rb7) 35. Rf6 $18 Rf8 36. e6 a5 37. Rxf7+ Rxf7 38. Qxf7+ {[%emt 0:01:58] Weighted Error Value: White=0.15 (very precise) /Black=0.28 (precise) .  Loses game:     	---       	Black=1      Mistake:       	White=2     	Black=3      Inaccurate:     	White=2     	Black=3      OK:         	White=10    	Black=14     Best:        	White=2     	Black=1      Strong:       	White=1     	---} 1-0

[Event "53rd Mar Del Plata Open 2024"]
[Site "Mar Del Plata"]
[Date "2024.03.29"]
[Round "7.4"]
[White "Villarreal, Agustin"]
[Black "Espinoza Palomino, Willyam"]
[Result "1/2-1/2"]
[ECO "D16"]
[WhiteElo "2285"]
[BlackElo "2400"]
[Annotator "TA"]
[PlyCount "43"]
[EventDate "2024.03.23"]
[EventType "swiss"]
[EventCountry "ARG"]
[SourceTitle "playchess.com"]
[Source "ChessBase"]
[SourceQuality "1"]
[TimeControl "5400+30"]

1. d4 d5 2. Nf3 Nf6 3. c4 c6 4. Nc3 dxc4 5. a4 e6 6. e3 c5 7. Bxc4 Nc6 8. O-O cxd4 9. exd4 Be7 {[%emt 0:00:24] The position is equal.} 10. Qe2 O-O 11. Rd1 Nb4 12. Ne5 b6 13. Bg5 Bb7 {[%emt 0:04:00] Prevents Qf3.} 14. Bxf6 Bxf6 15. Ne4 Rc8 16. Nxf6+ Qxf6 17. Nd7 Qg6 18. d5 {[%emt 0:02:01][%cal Bd4d5,Bd5d6,Bd6d7][%mdl 32] And now Ne5 would win.} (18. Nxf8 $2 Qxg2#) 18... Rfe8 $1 19. Ne5 Qg5 {[%emt 0:03:13][%cal Re6d5] [#]} 20. h4 $1 Qxh4 21. d6 {[%emt 0:00:37] Hoping for d7.} Rf8 22. d7 {[%emt 0:34:10] Not much happened in this game.   Weighted Error Value: White=0.05 (flawless) /Black=0.02 (flawless) .  OK:         	White=4     	Black=5      Best:        	White=2     	---        Strong:       	---       	Black=1} 1/2-1/2